 Dungeon Crawl Stone Soup version 0.24.0-28-g17ded55e90 (webtiles) character file.

Game seed: 16317997638431585643, levelgen mode: deterministic

20 DavidChitty2 the Caller (level 2, 15/15 HPs)
             Began as a Deep Elf Summoner on Nov 11, 2019.
             Quit the game on level 2 of the Dungeon.
             The game lasted 00:02:55 (884 turns).

DavidChitty2 the Caller (Deep Elf Summoner)          Turns: 884, Time: 00:02:56

Health: 15/15      AC:  2    Str:  5    XL:     2   Next: 58%
Magic:  4/8        EV: 13    Int: 19    God:
Gold:   63         SH:  0    Dex: 15    Spells: 4/7 levels left

rFire    . . .     SeeInvis .   b - +0 hunting sling
rCold    . . .     Gourm    .   (no shield)
rNeg     . . .     Faith    .   c - +0 robe
rPois    .         Spirit   .   (no helmet)
rElec    .         Reflect  .   (no cloak)
rCorr    .         Harm     .   (no gloves)
MR       .....     Rnd*Tele +   (no boots)
Stlth    ++........             (no amulet)
HPRegen  0.05/turn              g - ring of teleportation (curse)
MPRegen  0.11/turn              (no ring)

@: no status effects
A: no striking features
a: no special abilities


You were on level 2 of the Dungeon.
You were not hungry.

You visited 1 branch of the dungeon, and saw 2 of its levels.

You collected 63 gold pieces.

Inventory:

Hand Weapons
 a - a +0 dagger
   (You took it off a goblin on level 1 of the Dungeon)
 b - a +0 hunting sling (weapon)
   (You found it on level 1 of the Dungeon)
Missiles
 h - 3 stones (quivered)
Armour
 c - a +0 robe (worn)
Jewellery
 g - a cursed ring of teleportation (left hand)
   (You found it on level 1 of the Dungeon)
Comestibles
 d - 2 chunks of flesh
 e - 3 rations {!d}


   Skills:
 + Level 2.8 Dodging
 - Level 2.4 Stealth
 + Level 3.3 Spellcasting
 * Level 4.9 Summonings


You had 4 spell levels left.
You knew the following spells:

 Your Spells              Type           Power        Failure   Level  Hunger
a - Summon Small Mammal   Summ           ###.         1%          1    None
x - Call Imp              Summ           ###.....     3%          2    ##.....

Your spell library contained the following spells:

 Spells                   Type           Power        Failure   Level  Hunger
 Call Canine Familiar     Summ           ###.....     6%          3    ###....
 Summon Guardian Golem    Hex/Summ       ##......     16%         3    ###....
 Summon Ice Beast         Ice/Summ       ##......     47%         4    ####...
 Summon Lightning Spire   Summ/Air       ##......     47%         4    ####...


Dungeon Overview and Level Annotations

Branches:
Dungeon (2/15)

Altars:


Message History

Found 11 gold pieces.
A beastly little devil appears in a puff of flame.
A beastly little devil appears in a puff of frigid air.
What are your orders? t - Shout!
Orders for allies: a - Attack new target. r - Retreat! s - Stop attacking. g - Guard the area. f - Follow me.
Anything else - Cancel.
Gang up on whom?
Aim: a hobgoblin, wielding a +0 club (resting) Attack!
The hobgoblin shouts!
Your crimson imp closely misses the hobgoblin.
The hobgoblin completely misses your crimson imp.
Your crimson imp closely misses the hobgoblin.
Your crimson imp closely misses the hobgoblin.
The hobgoblin barely misses your crimson imp.
Your crimson imp hits the hobgoblin.
The hobgoblin hits your crimson imp with a +0 club.
Your crimson imp barely misses the hobgoblin.
The hobgoblin hits your crimson imp with a +0 club.
Your crimson imp barely misses the hobgoblin.
The hobgoblin barely misses your crimson imp.
Your crimson imp misses the hobgoblin.
The hobgoblin barely misses your crimson imp.
Your crimson imp hits the hobgoblin.
The hobgoblin hits your crimson imp with a +0 club.
Your crimson imp hits the hobgoblin.
The hobgoblin dies!
You swap places.
You see here a +0 club.
You now have 63 gold pieces (gained 11).
Your crimson imp blinks!
Found a dagger.
A rat comes into view.
A rat is nearby!
A beastly little devil appears in a puff of flame.
A beastly little devil appears in a puff of frigid air.
Your crimson imp blinks!
Your crimson imp disappears in a puff of smoke!
Found a scroll labeled SECOGI YFON.
The rat bites you but does no damage.
Your white imp hits the rat.
Your white imp freezes the rat.
The rat dies!
You swap places.
You see here a rat corpse.
You butcher the rat corpse.
d - 2 chunks of flesh (gained 1)
You see here a rat skeleton.

###.#.######...#
#.....# ###.#
##.#.###.###.# #.#
..)......# #.# #.#
##.###.#.###.# #.#
.###.#.....# #.#
.....###.### ##.##
#..###5####### #...###
##....@5......###......
#.....5.#####.#<.......
#.#.....## #.#######
#..##..# #.# ... .....
#.# .# ..##.. #.# #.#
#..# #.# ... .?.# ...
.. .... ...


You could see a friendly crimson imp and 2 friendly white imps.

Vanquished Creatures
  A bat (D:1)
  A rat (D:1)
2 creatures vanquished.

Vanquished Creatures (collateral kills)
  A dart slug (D:1)
  2 leopard geckos (D:1)
  4 bats (D:1)
  2 giant cockroaches (D:1)
  3 goblins (D:1)
  2 hobgoblins
  2 jackals (D:1)
  A kobold (D:1)
  3 frilled lizards (D:1)
  3 rats
23 creatures vanquished.

Grand Total: 25 creatures vanquished

Notes
Turn   | Place    | Note
-------+----------+-------------------------------------------
     0 | D:1      | DavidChitty2 the Deep Elf Summoner began the quest for the
                  | Orb.
     0 | D:1      | Reached XP level 1. HP: 10/10 MP: 6/6
   314 | D:1      | Reached XP level 2. HP: 11/15 MP: 2/8
   322 | D:1      | Learned a level 2 spell: Call Imp
   884 | D:2      | Quit the game

Levels and vault maps discovered:
D:1:      eino_arrival_water_star, layout_basic, minmay_tromino_v2
D:2:      layout_loops_ring, first_ration, uniq_robin, uniq_jessica

Action                   || total
-------------------------++-------
Melee: Dagger            ||    18
 Cast: Summon Small Mamm ||    24
       Call Imp          ||    10
  Use: Scroll            ||     1
Armor: Robe              ||    20
Dodge: Dodged            ||    44
